 Dungeon Crawl Stone Soup version 0.27-a0-1048-g7ee7857c10 (webtiles) character file.

Game seed: 4775590778229353171

47 Lemonice the Skirmisher (level 3, -1/31 HPs)
             Began as a Palentonga Fighter on Apr 20, 2021.
             Frozen to death by an endoplasm (5 damage)
             ... on level 2 of the Dungeon.
             The game lasted 00:02:24 (1099 turns).

Lemonice the Skirmisher (Palentonga Fighter)        Turns: 1099, Time: 00:02:24

Health: -1/31      AC:  6    Str: 20    XL:     3   Next: 48%
Magic:  3/3        EV:  5    Int:  8    God:
Gold:   27         SH:  8    Dex:  9    Spells: 2/2 levels left

rFire    . . .     SeeInvis +   a - +0 long sword
rCold    . . .     Faith    .   c - +0 kite shield
rNeg     . . .     Spirit   .   b - +0 scale mail
rPois    .         Reflect  .   (no helmet)
rElec    .         Harm     .   (no cloak)
rCorr    .         Rampage  .   (no gloves)
Will     .....                  (no barding)
Stlth    ..........             (no amulet)
HPRegen  0.10/turn              (no ring)
MPRegen  0.08/turn              (no ring)

@: slowed, very slow
A: large, rugged brown scales 3, see invisible, deformed body, roll 1, armoured
tail
a: Rolling Charge


You were on level 2 of the Dungeon.
You visited 1 branch of the dungeon, and saw 2 of its levels.

You collected 27 gold pieces.

Inventory:

Hand Weapons
 a - a +0 long sword (weapon)
Armour
 b - a +0 scale mail (worn)
 c - a +0 kite shield (worn)
Scrolls
 e - a scroll of identify {unknown}
 f - a scroll of blinking {unknown}
 g - a scroll of acquirement {unknown}
 h - a scroll of enchant weapon {unknown}
Potions
 d - a potion of might


   Skills:
 * Level 3.4 Fighting
 * Level 2.6 Long Blades
 + Level 2.6 Armour
 + Level 2.9 Shields


You had 2 spell levels left.
You didn't know any spells.
Your spell library contained the following spells:

 Spells                   Type           Power      Damage    Failure   Level
 Magic Dart               Conj           0%         1d3       99%         1
 Searing Ray              Conj           0%         3d3       100%        2
 Dazzling Flash           Conj/Hex       0%         N/A       100%        3
 Fulminant Prism          Conj/Hex       0%         3d6       100%        4
 Iskenderun's Mystic Bla  Conj/Tloc      0%         2d3       100%        4


Dungeon Overview and Level Annotations

Branches:
Dungeon (2/15)

Altars:

Annotations:
D:2 Jessica, Natasha


Innate Abilities, Weirdness & Mutations

You are completely covered in rugged brown scales. (AC +3, +7% HP)
You have supernaturally acute eyesight. (SInv)
Armour fits poorly on your strangely shaped body.
You can roll at nearby foes to attack.
You have a long armoured tail.


Message History

Roll where?
Press: ? - help, Dir - move target, f - Natasha
Aim: Natasha You roll forward with a clatter of scales!
You hit Natasha but do no damage. Jessica hits you with a +0 club.
Natasha casts a spell at you.
The magic dart hits you but does no damage.
You slash Natasha!
You tail-slap Natasha, but do no damage.
Natasha is heavily wounded.
You block Jessica's attack. Natasha claws you but does no damage.
The endoplasm hits you but does no damage.
Jessica barely misses you.
You riposte.
You hit Jessica.
Jessica is severely wounded.
Natasha claws you.
You barely miss Natasha.
Natasha is heavily wounded.
The endoplasm freezes you.
You are frozen.
Jessica gestures at you while chanting. Pain shoots through your body!
You block Natasha's attack. The endoplasm freezes you.
You are frozen.
You hit Natasha.
Natasha is severely wounded.
Jessica casts a spell at you. Pain shoots through your body!
* * * LOW HITPOINT WARNING * * *
Natasha stares at you and mumbles some strange words.
You feel yourself slow down. The endoplasm freezes you.
You are frozen.
* * * LOW HITPOINT WARNING * * *
Jessica drinks a potion.
Jessica is healed!
Natasha claws you.
* * * LOW HITPOINT WARNING * * *
You barely miss Natasha.
Natasha is severely wounded.
The endoplasm freezes you.
You are frozen.
You die...

#..# # #..# .# #.
#..##.# #.. #..
#.#######
##..###.. #.......
........###.....##
#....hJ##.......##
#...@@#.........#
#....†..........#
##.....#.........#
#......##.......##
#..#>#.###......#
#.....)# ##...#.#
......#.### #.## #
###.#.....# .#
#.#.#.#.###># #


You could see Natasha, Jessica and an endoplasm.

Vanquished Creatures
  2 adders (D:2)
  3 endoplasms
  2 goblins (D:1)
  2 hobgoblins
  4 quokkas (D:1)
  2 ball pythons
  4 bats
  2 frilled lizards (D:1)
  5 kobolds
  4 rats (D:1)
30 creatures vanquished.

Notes
Turn   | Place    | Note
-------+----------+-------------------------------------------
     0 | D:1      | Lemonice the Palentonga Fighter began the quest for the
                  | Orb.
     0 | D:1      | Reached XP level 1. HP: 19/19 MP: 1/1
   170 | D:1      | Reached XP level 2. HP: 25/25 MP: 2/2
   891 | D:2      | Noticed Natasha
   893 | D:2      | Noticed Jessica
   894 | D:2      | Noticed a crimson imp
  1014 | D:2      | Reached XP level 3. HP: 28/31 MP: 3/3
  1099 | D:2      | Frozen to death by an endoplasm

Illustrated notes

Levels and vault maps discovered:
D:1:      tarquinn_simple_flora_water_f, layout_loops_cross
D:2:      layout_loops_ring, uniq_jessica, uniq_natasha

Action                   || total
-------------------------++-------
Melee: Long sword        ||    76
       Tailslap          ||     6
 Abil: Rolling Charge    ||    21
Armor: Scale mail        ||    38
Dodge: Dodged            ||     9
Block: Kite shield       ||    33
       Rpst.: Long sword ||     3

Table legend: (Time is in decaauts)
 A = Elapsed time spent in this place.
 B = Non-inter-level travel time spent in this place.
 C = Inter-level travel time spent in this place.
 D = Time resting spent in this place.
 E = Time spent auto-exploring this place.
 F = Levels seen in this place.
 G = Mean time per level.
                   A        B        C        D        E       F      G
               +--------+--------+--------+--------+--------+-----+--------+
         Total |   1136 |   1107 |     29 |      0 |    896 |   2 |  568.0 |
       Dungeon |   1136 |   1107 |     29 |      0 |    896 |   2 |  568.0 |
               +--------+--------+--------+--------+--------+-----+--------+

Top non-repeatable levels by time:
     D:1: 938 daAuts
     D:2: 197 daAuts
